 Dungeon Crawl Stone Soup version 0.32-a0-918-g0f22ef8d61 (webtiles) character file.

Game seed: 2205889197598200858

346755 ongoing the Marksant (level 23, -1/261 (264) HPs)
             Began as a Formicid Hunter on Apr 11, 2024.
             Was a Believer of Elyvilon.
             Slain by a +0 short sword of draining (2 damage)
             ... animated by Zenata
             ... on level 2 of the Elven Halls on Apr 12, 2024.
             The game lasted 02:20:21 (42337 turns).

ongoing the Marksant (Formicid Hunter)             Turns: 42337, Time: 02:20:22

HP:   -1/261 (264)  AC: 25    Str: 19    XL:     23   Next: 13%
MP:   30/50         EV: 21    Int: 12    God:    Elyvilon [**....]
Gold: 1325          SH: 19    Dex: 28    Spells: 22/22 levels left

rFire   + . .        q - +8 storm bow {elec, penet}
rCold   + . .        p - +2 kite shield {reflect}
rNeg    + + .        O - +5 chain mail "Muidedd" {rF- rC++ rCorr}
rPois   +            (helmet unavailable)
rElec   .            t - +2 cloak {rPois}
rCorr   +            v - +1 pair of gloves {Stlth+}
SInv    +            c - +2 pair of boots
Will    +++..        R - amulet "Wyni" {Acrobat rN+ Will+ Int+3 Dex+3}
Stlth   +            W - ring of fire
HPRegen 0.63/turn    V - ring "Irrel" {rPois rF+ rN+ rCorr EV+5}
MPRegen 0.32/turn

%: reflection, acrobat
@: divinely vigorous, marked, lightly drained
A: permanent stasis, dig shafts and tunnels, antennae 3, four strong arms
}: 2/15 runes: decaying, gossamer
a: Dig, Shaft Self, Renounce Religion, Purification, Heal Other


You were on level 2 of the Elven Halls.
You worshipped Elyvilon.
Elyvilon was pleased with you.
You visited 8 branches of the dungeon, and saw 37 of its levels.
You also visited: Desolation.

You collected 5892 gold pieces.
You spent 4567 gold pieces at shops.

Inventory:

Hand Weapons
 q - the +8 storm bow (weapon) {elec, penet}
   (You bought it in a shop on level 2 of the Dungeon)
 T - the +3 greatsling "Punk" {acid, rCorr}
   (You found it on level 2 of the Vaults)

   rCorr:     It protects you from acid and corrosion.
Missiles
 x - 2 curare-tipped darts
 y - 3 throwing nets
 K - 6 darts of dispersal
Armour
 c - a +2 pair of boots (worn)
 f - the +1 scale mail of Altruism {rF+ rN+ Will+}
   (You found it on level 2 of the Dungeon)

   rF+:       It protects you from fire.
   rN+:       It protects you from negative energy.
   Will+:     It increases your willpower.
 p - a +2 kite shield of reflection (worn)
 t - a +2 cloak of poison resistance (worn)
 v - a +1 pair of gloves of stealth (worn)
 I - the +3 pair of gloves of the Lute {rC- rN+++ Will+ SInv}
   (You acquired it on level 2 of the Vaults)

   rC-:       It makes you vulnerable to cold.
   rN+++:     It renders you almost immune to negative energy.
   Will+:     It increases your willpower.
   SInv:      It lets you see invisible.
 O - the +5 chain mail "Muidedd" (worn) {rF- rC++ rCorr}
   (You found it on level 5 of the Lair of Beasts)

   rF-:       It makes you vulnerable to fire.
   rC++:      It greatly protects you from cold.
   rCorr:     It protects you from acid and corrosion.
 S - the +2 scale mail of Gozag's Indignation {-Cast Will+ Str+4 Dex+5}
   (You found it on level 2 of the Vaults)

   Str+4:     It affects your strength (+4).
   Dex+5:     It affects your dexterity (+5).
   Will+:     It increases your willpower.
   -Cast:     It prevents spellcasting.
Jewellery
 d - a ring of protection from cold
 h - a +6 ring of dexterity
 l - a +4 ring of slaying
 D - a ring of flight
 F - the amulet of Edecis {Faith +Blink rElec}
   (You found it in the Desolation of Salt)

   [amulet of faith]

   Faith:     It allows you to gain divine favour quickly.
   rElec:     It insulates you from electricity.
   +Blink:    It lets you blink.
 H - the ring of Ysynab {rC+ Will+ AC+4 Str+3 Dex-5}
   (You acquired it on level 1 of the Elven Halls)

   [ring of protection]

   AC+4:      It affects your AC (+4).
   Str+3:     It affects your strength (+3).
   Dex-5:     It affects your dexterity (-5).
   rC+:       It protects you from cold.
   Will+:     It increases your willpower.
 L - the amulet "Caomuny" {Rampage rC+ Regen+}
   (You found it in the Desolation of Salt)

   [amulet of regeneration]

   rC+:       It protects you from cold.
   Regen+:    It increases your rate of health regeneration.
   Rampage:   It bestows one free step when moving towards enemies.
 R - the amulet "Wyni" (around neck) {Acrobat rN+ Will+ Int+3 Dex+3}
   (You found it in the Desolation of Salt)

   [amulet of the acrobat]

   Acrobat:   It increases your evasion while moving and waiting.
   Int+3:     It affects your intelligence (+3).
   Dex+3:     It affects your dexterity (+3).
   rN+:       It protects you from negative energy.
   Will+:     It increases your willpower.
 V - the ring "Irrel" (right hand) {rPois rF+ rN+ rCorr EV+5}
   (You bought it in a shop on level 2 of the Vaults)

   [ring of evasion]

   EV+5:      It affects your evasion (+5).
   rF+:       It protects you from fire.
   rPois:     It protects you from poison.
   rN+:       It protects you from negative energy.
   rCorr:     It protects you from acid and corrosion.
 W - a ring of fire (left hand)
Talismans
 U - a granite talisman
Wands
 a - a wand of polymorph (19)
 j - a wand of mindburst (36)
 o - a wand of quicksilver (4)
 A - a wand of digging (8)
 G - a wand of warping (32)
 N - a wand of charming (40)
Scrolls
 b - 3 scrolls of fog
 e - 4 scrolls of enchant armour
 i - 12 scrolls of identify
 r - 2 scrolls of silence
 u - 6 scrolls of revelation
 E - 4 scrolls of immolation
 J - 7 scrolls of poison
 M - 3 scrolls of noise
Potions
 g - 2 potions of cancellation
 k - 8 potions of might
 m - 15 potions of curing
 n - 5 potions of magic
 s - 11 potions of ambrosia
 w - a potion of resistance {unknown}
 z - 7 potions of mutation
 B - 2 potions of heal wounds
 C - 7 potions of lignification
 P - a potion of enlightenment
Miscellaneous
 X - a tin of tremorstones (1/2)
 Y - a phantom mirror (inert)
 Z - a lightning rod (4/4)


   Skills:
 - Level 17.7 Fighting
 - Level 20.0 Ranged Weapons
 - Level 8.3 Armour
 - Level 11.8 Dodging
 - Level 1.2 Stealth
 - Level 18.0 Shields
 + Level 19.9 Invocations
 - Level 10.4 Evocations
 * Level 14.0 Shapeshifting


You had 22 spell levels left.
You didn't know any spells.
Your spell library contained the following spells:

 Spells                   Type           Power      Damage    Failure   Level
 Magic Dart               Conj           0%         1d3       97%         1
 Slow                     Hex            0%         N/A       97%         1
 Sting                    Conj/Alch      0%         1d3       97%         1
 Call Imp                 Summ           0%         N/A       99%         2
 Lesser Beckoning         Tloc           0%         N/A       99%         2
 Mercury Vapours          Alch/Air       0%         N/A       99%         2
 Scorch                   Fire           0%         2d5       99%         2
 Searing Ray              Conj           0%         2d4       99%         2
 Confusing Touch          Hex            0%         N/A       100%        3
 Dazzling Flash           Conj/Hex       0%         N/A       100%        3
 Fugue of the Fallen      Necr           0%         N/A       100%        3
 Mephitic Cloud           Conj/Alch/Air  0%         N/A       100%        3
 Ozocubu's Armour         Ice            0%         N/A       100%        3
 Passwall                 Erth           0%         N/A       100%        3
 Sigil of Binding         Hex            0%         N/A       100%        3
 Teleport Other           Tloc           0%         N/A       100%        3
 Vampiric Draining        Necr           0%         2d6       100%        3
 Volatile Blastmotes      Fire/Tloc      0%         2d10      100%        3
 Anguish                  Hex/Necr       0%         N/A       100%        4
 Animate Armour           Summ/Erth      0%         N/A       100%        4
 Cause Fear               Hex            0%         N/A       100%        4
 Flame Wave               Conj/Fire      0%         2d4       100%        4
 Fulminant Prism          Conj/Alch      0%         3d5       100%        4
 Iskenderun's Mystic Bla Conj/Tloc 0%             2d3        (+2d1     100%        4
 Olgreb's Toxic Radiance  Alch           0%         N/A       100%        4
 Passage of Golubria      Tloc           0%         N/A       100%        4
 Summon Blazeheart Golem  Fire/Summ      0%         N/A       100%        4
 Summon Lightning Spire   Summ/Air       0%         N/A       100%        4
 Arcjolt                  Conj/Air       0%         1d10      100%        5
 Curse of Agony           Necr           0%         N/A       100%        5
 Lee's Rapid Deconstruct  Erth           0%         3d4*      100%        5
 Metabolic Englaciation   Hex/Ice        0%         N/A       100%        5
 Silence                  Hex/Air        0%         N/A       100%        5
 Summon Forest            Summ/Tloc      0%         N/A       100%        5
 Bombard                  Conj/Erth      0%         9d1       100%        6
 Death Channel            Necr           0%         N/A       100%        6
 Gell's Gavotte           Tloc           0%         2d(11-16) 100%        6
 Sculpt Simulacrum        Ice/Alch       0%         N/A       100%        6
 Summon Cactus Giant      Summ           0%         N/A       100%        6
 Enfeeble                 Hex            0%         N/A       100%        7
 Manifold Assault         Tloc           0%         N/A       100%        7
 Orb of Destruction       Conj           0%         9d5       100%        7
 Spellforged Servitor     Conj/Summ      0%         N/A       100%        7
 Lehudib's Crystal Spear  Conj/Erth      0%         10d2      100%        8
 Maxwell's Capacitive Co  Air            0%         ∞         100%        8
 Maxwell's Portable Pile  Tloc           Unusable   2d(5-13)  N/A         3
 Vhi's Electric Charge    Tloc/Air       Unusable   N/A       N/A         4

Dungeon Overview and Level Annotations

Branches:
Dungeon (15/15)            Temple (1/1) D:5            Lair (5/5) D:10
  Swamp (4/4) Lair:3       Spider (4/4) Lair:3        Slime (0/5) Lair:5
    Orc (2/2) D:12            Elf (2/3) Orc:2        Vaults (4/5) D:14
  Crypt (0/3) Vaults:3     Depths (0/4) D:15        Desolation (visited)

Altars:
Ashenzari
Cheibriados
Dithmenos
Elyvilon
Fedhas
Gozag
Hepliaklqana
Kikubaaqudgha
Makhleb
Nemelex Xobeh
Okawaru
Qazlal
Ru
Sif Muna
Trog
Uskayaw
Vehumet
Wu Jian
Xom
Yredelemnul
Zin
The Shining One
Beogh

Shops:
D:2 ?**(   D:12 =   Orc:2 =(((   Vaults:2 =   Vaults:3 ?   Vaults:4 ?

Annotations:
Elf:2 Zenata
Vaults:3 1 runed translucent door, Switch's ghost, veteran DDFi


Innate Abilities, Weirdness & Mutations

You cannot be hasted, slowed, berserked, paralysed or teleported.
You can dig through walls and to a lower floor.
You have a pair of large antennae on your head. (SInv)
Your four strong arms can wield two-handed weapons with a shield.


Message History

The +3 trident of protection completely misses you.
The +0 long sword of flaming completely misses you.
Zenata casts a spell at you.
A blast of power from the earth and the adjacent constructs strikes you!
* * * LOW HITPOINT WARNING * * *
The deep elf knight hits your butterfly with a +0 short sword!
Your butterfly dies!
Your butterfly disappears in a burst of colours!
The deep elf knight gestures wildly while chanting.
The deep elf knight seems to speed up.
The deep elf pyromancer casts a spell at you.
The bolt of fire hits the deep elf knight!!!
The bolt of fire hits the +3 scimitar of freezing.
The +3 scimitar of freezing resists.
The bolt of fire hits the +0 long sword of flaming!
The +0 long sword of flaming resists.
The bolt of fire misses you. The bolt of fire hits your butterfly!
Your butterfly dies!
Your butterfly disappears in a burst of colours!
The bolt of fire hits your butterfly!!
Your butterfly dies!
Your butterfly disappears in a burst of colours!
Aiming: Quicksilver Bolt
Press: ? - help, Shift-Dir - straight line, f/p - Zenata
Aim: Zenata, wielding a +4 triple sword and wearing a +0 ring mail (moderately wounded, 79% to hit)
The bolt of dispelling energy misses the +0 short sword of draining.
The bolt of dispelling energy hits the +3 trident of protection!!
The +3 trident of protection is severely damaged.
The +3 trident of protection's magical effects unravel!
The bolt of dispelling energy misses the +3 short sword of draining.
The bolt of dispelling energy hits Zenata!!
Zenata is heavily wounded.
You block the +0 short sword of draining's attack.
The +0 short sword of draining misses you.
The +0 long sword of flaming barely misses you.
The +6 glaive of freezing completely misses you.
You block the +4 battleaxe of flaming's attack.
You block the +3 trident of protection's attack.
The +0 short sword of draining hits you.
You die...

##### ##### ##### #####
##.a.###...## ##.b.###...## #
##)..#...#..(####bb.#...#...##
.##..(#.....#(((##.bb#.....#...##
....a#......{#((@...#.......#...#
....#.....e.a(#((b.#.b.......#..#
#..#.........e(#.b#bbb........#.#
.##.........e(e(##b.bb.........##
. #..........b..##b..b.........##
#..#......e....#..#b..........#.#
...#.........#....#.........#..#
#.......#......#.......#...#
.#........#.....#....#


You could see Zenata, 4 deep elf knights, a deep elf pyromancer and 12 dancing
weapons.

Vanquished Creatures
  Norris (Elf:1)
  Nikola (Elf:2)
  2 tentacled monstrosities (Swamp:4)
  Jorgrun (D:14)
  The ghost of Mrcake the Warrior, an adept MiFi of the Shining One (Swamp:1)
  2 sphinxes (Vaults:3)
  Frances (Elf:1)
  Gastronok (Lair:1)
  An ancient champion (Vaults:3)
  Kirke (D:15)
  A tengu reaver (Vaults:4)
  Aizul (Spider:3)
  2 thorn hunters (Swamp:2)
  2 fenstrider witches
  10 vault wardens
  3 emperor scorpions
  6 ghost moths
  A frost giant (Vaults:2)
  3 imperial myrmidons (Desolation)
  11 ironbound preservers
  Louise (D:14)
  A stone giant (D:15)
  An orc warlord (Orc:2)
  3 formless jellyfish
  13 ironbound thunderhulks
  A deep elf death mage (Elf:1)
  Nessos (D:15)
  3 broodmothers
  2 eleionomae
  7 bunyips
  4 spark wasps (Spider:1)
  4 halazid warlocks (Desolation)
  2 war gargoyles
  6 dire elephants
  2 green deaths (Swamp:4)
  Snorg (Lair:3)
  Josephine (Lair:2)
  3 crystal guardians
  10 yaktaur captains
  9 ragged hierophants (Desolation)
  An entropy weaver (Spider:4)
  8 servants of whispers
  An entropy weaver (shapeshifter) (Elf:2)
  6 vault guards
  16 hydras
  5 ghost crabs
  7 peacekeepers
  2 radroaches (Spider:4)
  11 centaur warriors
  3 great orbs of eyes
  6 two-headed ogres
  An anaconda (Lair:5)
  8 alligators
  4 jorogumos
  12 ironbound frosthearts
  2 death knights
  7 boulder beetles
  A sphinx skeleton (Vaults:3)
  6 tengu warriors
  A hell hog (Lair:5)
  21 dancing weapons
  3 orc high priests
  9 death yaks (Lair:3)
  2 thrashing horrors (Swamp:4)
  4 demonic crawlers
  6 deep elf knights
  An occultist (D:15)
  A shadow wraith (Vaults:2)
  4 skysharks
  Sonja (Lair:3)
  4 spriggan druids
  Amaemon (Lair:1)
  6 skeletal warriors
  4 deep elf archers
  5 pharaoh ants
  7 goliath frogs
  10 swamp dragons
  5 orb spiders
  12 deep trolls
  A sun moth (Spider:1)
  5 bog bodies
  7 arcanists
  A phantasmal warrior (Vaults:4)
  7 steelbarb worms
  A thermic dynamo (Elf:1)
  25 ironbound convokers
  3 orc knights
  16 deep elf pyromancers
  24 wolf spiders
  2 obsidian bats (Orc:2)
  9 lindwurms
  34 ugly things
  9 deep elf zephyrmancers
  7 orc sorcerers
  2 necromancers
  6 will-o-the-wisps
  A tengu skeleton (Vaults:3)
  3 cyclopes
  A stone giant zombie (Vaults:1)
  7 meliai
  11 black mambas
  2 fire giant skeletons (Vaults:3)
  13 vault sentinels
  A frost giant skeleton (Vaults:3)
  2 manticores (D:12)
  2 large abominations (Swamp:4)
  3 moths of wrath
  5 guardian serpents
  14 cane toads
  2 kobold blastminers (Orc:2)
  21 elephants
  3 torpor snails
  An orange demon (Lair:1)
  Maggie (D:8)
  3 molten gargoyles (Desolation)
  A yaktaur zombie (Vaults:1)
  A human zombie (Vaults:1)
  9 kobold demonologists
  32 yaktaurs
  2 rime drakes (Lair:5)
  8 komodo dragons
  3 freezing wraiths
  A queen bee (D:14)
  7 trolls
  5 bloated husks
  14 polar bears
  12 tyrant leeches
  59 saltlings
  5 hornets
  28 tarantellas
  16 blink frogs
  22 jumping spiders
  4 raiju (Lair:5)
  7 dream sheep (Lair:4)
  3 air elementals (Elf:2)
  7 shadows
  23 wyverns
  3 vampires
  2 spriggans
  2 ettin skeletons (Vaults:3)
  46 slime creatures
  A water elemental (Elf:2)
  4 basilisks
  50 yaks
  26 culicivoras
  Grum (D:8)
  A ynoxinul (D:10)
  2 hogs (D:15)
  8 wraiths
  5 vampire mosquitoes
  2 fire elementals
  16 humans (D:14)
  32 redbacks
  8 wargs
  A human simulacrum (Vaults:1)
  4 steam dragons
  2 acid dragons
  15 water moccasins
  15 swamp worms
  32 orc warriors
  10 hell hounds (Lair:5)
  An ogre skeleton (Vaults:3)
  An ice beast (D:6)
  13 black bears
  2 laughing skulls (D:14)
  9 ogres
  5 boggarts (Vaults:3)
  8 centaurs
  24 wolves
  3 human skeletons (Vaults:3)
  A phantom (D:6)
  4 kobold brigands
  A bullfrog (shapeshifter) (Elf:1)
  16 bullfrogs
  2 gnoll sergeants
  An earth elemental (Elf:1)
  2 scorpions
  22 wights
  32 killer bees
  4 howler monkeys
  9 electric eels
  4 bombardier beetles
  2 hounds (D:5)
  2 jellies (Lair:5)
  29 orc priests
  A sleepcap (D:6)
  2 iguanas
  42 orc wizards
  10 gnolls
  10 adders
  3 white imps
  2 ufetubi (D:7)
  4 dart slugs
  3 ribbon worms
  94 orcs
  8 ball pythons
  13 endoplasms
  2 giant cockroaches
  10 goblins
  8 hobgoblins
  3 jackals
  30 kobolds
  7 quokkas
  5 bats
  2 frilled lizards (D:2)
  6 rats
1615 creatures vanquished.

Vanquished Creatures (collateral kills)
  A spark wasp (Spider:4)
  A deep elf knight (Elf:2)
2 creatures vanquished.

Vanquished Creatures (others)
  A spark wasp (Spider:4)
  A hydra (Swamp:2)
  A deep elf zephyrmancer (Elf:1)
  A human (D:15)
  A swamp worm (Swamp:2)
  12 foxfires
17 creatures vanquished.

Grand Total: 1634 creatures vanquished

Notes
Turn   | Place    | Note
-------+----------+-------------------------------------------
     0 | D:1      | ongoing the Formicid Hunter began the quest for the Orb.
     0 | D:1      | Reached XP level 1. HP: 16/16 MP: 1/1
    88 | D:1      | Reached XP level 2. HP: 23/23 MP: 2/2
   243 | D:1      | Found a faded altar of an unknown god.
   526 | D:1      | Reached XP level 3. HP: 26/28 MP: 3/3
   867 | D:2      | Identified the +1 scale mail of Altruism {rF+ rN+ Will+}
   943 | D:2      | Found Neeps's Magic Scroll Shop.
   954 | D:2      | Bought a scroll of identify for 24 gold pieces
  1014 | D:2      | Found Bolun's General Store.
  1021 | D:2      | Reached XP level 4. HP: 34/34 MP: 4/4
  1214 | D:2      | Found Unabag's Antique Weapon Shop.
  1222 | D:2      | Reached skill level 5 in Ranged Weapons
  1235 | D:2      | Identified a scroll of acquirement
  1235 | D:2      | Acquired 1239 gold pieces
  1405 | D:2      | Found Pic Zaaziuho's Assorted Antiques.
  1621 | D:3      | Reached XP level 5. HP: 41/41 MP: 5/5
  2010 | D:3      | Acquired 429 gold pieces
  2061 | D:2      | Bought the +8 storm bow {elec, penet} for 1706 gold pieces
  2061 | D:2      | Found the +8 storm bow {elec, penet}
  2409 | D:4      | Reached skill level 6 in Ranged Weapons
  2516 | D:4      | Reached XP level 6. HP: 41/47 MP: 6/6
  2754 | D:4      | Noticed an ogre
  2810 | D:4      | Killed an ogre
  2866 | D:4      | Noticed an ogre
  2873 | D:4      | Killed an ogre
  2874 | D:4      | Reached skill level 7 in Ranged Weapons
  2874 | D:4      | Reached XP level 7. HP: 52/52 MP: 7/7
  3278 | D:5      | Entered Level 5 of the Dungeon
  3398 | D:5      | Reached skill level 8 in Ranged Weapons
  3448 | D:5      | Reached XP level 8. HP: 58/58 MP: 8/8
  3466 | D:5      | Reached skill level 9 in Ranged Weapons
  3544 | D:5      | Found a staircase to the Ecumenical Temple.
  3632 | Temple   | Entered the Ecumenical Temple
  3637 | Temple   | Became a worshipper of Elyvilon the Healer
  3938 | D:6      | Found a glowing silver altar of Zin.
  3944 | D:6      | Reached skill level 10 in Ranged Weapons
  4004 | D:6      | Reached * piety under Elyvilon
  4007 | D:6      | Found a hazy altar of Hepliaklqana.
  4222 | D:6      | Reached skill level 11 in Ranged Weapons
  4222 | D:6      | Reached XP level 9. HP: 63/63 MP: 9/9
  4378 | D:6      | Found an opulent altar of Gozag.
  4743 | D:7      | Reached ** piety under Elyvilon
  4750 | D:7      | Reached skill level 12 in Ranged Weapons
  5949 | D:8      | Noticed Maggie
  5953 | D:8      | Killed Maggie
  5954 | D:8      | Reached skill level 13 in Ranged Weapons
  5954 | D:8      | Reached skill level 1 in Shields
  5954 | D:8      | Reached skill level 1 in Invocations
  5954 | D:8      | Reached XP level 10. HP: 70/70 MP: 9/11
  5979 | D:8      | Reached *** piety under Elyvilon
  6186 | D:8      | Noticed Grum
  6190 | D:8      | Killed Grum
  6289 | D:8      | Reached skill level 5 in Fighting
  6439 | D:8      | Found a sacrificial altar of Ru.
  6740 | D:9      | Found a broken altar of Ashenzari.
  6765 | D:9      | Reached skill level 5 in Shields
  6880 | D:9      | Reached skill level 5 in Invocations
  6975 | D:9      | Reached XP level 11. HP: 59/81 MP: 14/14
  7059 | D:9      | Reached **** piety under Elyvilon
  7161 | D:9      | Found an ancient bone altar of Kikubaaqudgha.
  7165 | D:9      | Found a basalt altar of Yredelemnul.
  7169 | D:9      | Found a shadowy altar of Dithmenos.
  7397 | D:9      | Reached skill level 14 in Ranged Weapons
  7762 | D:10     | Entered Level 10 of the Dungeon
  7807 | D:10     | Noticed a two-headed ogre
  7809 | D:10     | Killed a two-headed ogre
  8012 | D:10     | Found a shimmering blue altar of Sif Muna.
  8019 | D:10     | Got Sif Muna's Directory of Battle Magic
  8024 | D:10     | Found a bloodstained altar of Trog.
  8144 | D:10     | Found a staircase to the Lair.
  8697 | D:11     | Reached ***** piety under Elyvilon
  8739 | D:11     | Noticed a deep elf pyromancer
  8742 | D:11     | Killed a deep elf pyromancer
  8743 | D:11     | Reached XP level 12. HP: 92/92 MP: 17/17
  8752 | D:11     | Got the Lessons on the Burnt Band
  8763 | D:11     | Got Xiperik's Reference Book on Superposition
  8766 | D:11     | Got Oxeelo's Exposition on Polar Elsewhere
  8841 | D:11     | Noticed a two-headed ogre
  8846 | D:11     | Killed a two-headed ogre
  9236 | Lair:1   | Entered Level 1 of the Lair of Beasts
  9447 | Lair:1   | Noticed Amaemon
  9451 | Lair:1   | Killed Amaemon
  9628 | Lair:1   | Noticed Gastronok
  9637 | Lair:1   | Killed Gastronok
  9638 | Lair:1   | Reached skill level 10 in Shields
  9856 | Lair:1   | Reached skill level 15 in Ranged Weapons
 10169 | Lair:2   | Noticed a five-headed hydra
 10180 | Lair:2   | Killed a five-headed hydra
 10187 | Lair:2   | You fall into a shaft and drop 2 floors!
 10188 | Lair:4   | Noticed an eight-headed hydra
 10204 | Lair:4   | Killed an eight-headed hydra
 10398 | Lair:4   | Reached XP level 13. HP: 101/101 MP: 20/20
 10498 | Lair:3   | Noticed Snorg
 10506 | Lair:3   | HP: 3/102 [Snorg (11)]
 10506 | Lair:3   | Elyvilon protects you from harm!
 10510 | Lair:3   | Was placed under penance by Elyvilon
 10510 | Lair:3   | Killed Snorg
 10511 | Lair:3   | Reached skill level 10 in Invocations
 10516 | Lair:3   | Reached skill level 10 in Fighting
 10532 | Lair:3   | HP: 5/156 [death yak (8)]
 10535 | Lair:3   | Elyvilon protects you from harm!
 11076 | Lair:2   | Reached skill level 16 in Ranged Weapons
 11224 | Lair:2   | Was forgiven by Elyvilon
 11623 | Lair:3   | Noticed Josephine
 11647 | Lair:2   | Killed Josephine
 11648 | Lair:2   | Reached skill level 1 in Evocations
 11648 | Lair:2   | Reached XP level 14. HP: 65/108 MP: 21/21
 11817 | Lair:3   | Found a staircase to the Swamp.
 11983 | Lair:3   | Noticed Sonja
 11997 | Lair:3   | Killed Sonja
 12160 | Lair:3   | Identified the +0 helmet of Wu Jian's Respect {+Inv rPois
                  | MP+9 Dex-4}
 12263 | Lair:3   | Found a hole to the Spider Nest.
 12964 | Lair:4   | Reached skill level 5 in Evocations
 13765 | Lair:5   | Entered Level 5 of the Lair of Beasts
 13854 | Lair:5   | Reached skill level 17 in Ranged Weapons
 13910 | Lair:5   | Reached XP level 15. HP: 98/116 MP: 22/22
 13966 | Lair:5   | Reached skill level 15 in Shields
 14382 | Lair:5   | Found a staircase to the Slime Pits.
 14481 | Lair:5   | Reached skill level 18 in Ranged Weapons
 15288 | Lair:5   | Reached skill level 19 in Ranged Weapons
 15314 | Lair:5   | Identified the +5 chain mail "Muidedd" {rF- rC++ rCorr}
 15920 | Lair:5   | Reached skill level 1 in Armour
 16259 | D:12     | Found a staircase to the Orcish Mines.
 16691 | D:12     | Reached XP level 16. HP: 124/125 MP: 23/23
 16751 | D:12     | Reached ****** piety under Elyvilon
 16829 | D:12     | Found Ijeon's Jewellery Shop.
 18030 | Orc:1    | Entered Level 1 of the Orcish Mines
 18067 | Orc:1    | Found a roughly hewn altar of Beogh.
 18304 | Orc:2    | Entered Level 2 of the Orcish Mines
 18494 | Orc:2    | Found a staircase to the Elven Halls.
 18527 | Orc:2    | Found a burning altar of Makhleb.
 18622 | Orc:2    | Reached skill level 5 in Armour
 18848 | Orc:2    | Found Poystrud's Weapon Emporium.
 18848 | Orc:2    | Found Ucyl's Weapon Emporium.
 18851 | Orc:2    | Found Yphurph's Jewellery Shoppe.
 18851 | Orc:2    | Found Reaho's Antique Weapon Shoppe.
 19707 | D:14     | Noticed Louise
 19733 | D:14     | Killed Louise
 19855 | D:14     | Noticed Jorgrun
 19861 | D:14     | Killed Jorgrun
 19922 | D:14     | Reached skill level 20 in Ranged Weapons
 20064 | D:14     | Reached XP level 17. HP: 90/124 MP: 26/26
 20099 | D:14     | Found a gate to the Vaults.
 20477 | D:15     | Entered Level 15 of the Dungeon
 20477 | D:15     | Noticed Nessos
 20522 | D:15     | Killed Nessos
 20900 | D:15     | Noticed Kirke
 20911 | D:15     | Killed Kirke
 21011 | D:15     | Found a staircase to the Depths.
 21363 | Swamp:1  | Entered Level 1 of the Swamp
 21729 | Swamp:1  | Found a runed translucent door.
 21738 | Swamp:1  | Found a shimmering altar of Xom.
 21738 | Swamp:1  | Identified the +5 bardiche "Tattletale" {chaos, ^Drain rC+
                  | Int+3 Dex+3}
 21739 | Swamp:1  | Noticed Mrcake's ghost (adept MiFi)
 22373 | Swamp:2  | Noticed a thorn hunter
 22622 | Swamp:2  | Reached skill level 5 in Dodging
 22726 | Swamp:2  | Killed a thorn hunter
 23322 | Swamp:3  | Noticed a thorn hunter
 23333 | Swamp:2  | Killed a thorn hunter
 23548 | Swamp:3  | Reached XP level 18. HP: 136/143 MP: 28/28
 23849 | Swamp:3  | Acquired an amulet of the acrobat
 24096 | Swamp:4  | Entered Level 4 of the Swamp
 24234 | Swamp:4  | Noticed a tentacled monstrosity
 24251 | Swamp:4  | Killed a tentacled monstrosity
 24830 | Swamp:4  | Noticed a tentacled monstrosity
 24842 | Swamp:4  | Killed a tentacled monstrosity
 25082 | Swamp:3  | Reached skill level 15 in Invocations
 25225 | Swamp:4  | Got a decaying rune of Zot
 25574 | D:12     | Bought the amulet "Ykyerowk" {Acrobat Harm rElec rF-
                  | Regen+} for 481 gold pieces
 25722 | Spider:1 | Entered Level 1 of the Spider Nest
 26192 | Spider:1 | Reached XP level 19. HP: 146/198 MP: 35/39
 27708 | Spider:3 | Reached skill level 15 in Fighting
 27969 | Spider:3 | Identified the serpent talisman of the Good {rF- Str+3
                  | Int+6 Dex+2}
 27969 | Spider:3 | Noticed Aizul
 28009 | Spider:3 | Killed Aizul
 28302 | Spider:4 | Entered Level 4 of the Spider Nest
 29086 | Spider:4 | Reached skill level 10 in Dodging
 29497 | Spider:4 | Reached XP level 20. HP: 154/166 MP: 32/32
 29592 | Spider:4 | Got a gossamer rune of Zot
 29595 | Spider:4 | Identified the +0 hat of the Boiling Point {Str+2 Dex+2}
 29973 | Vaults:1 | Entered Level 1 of the Vaults
 31644 | Vaults:2 | Acquired the +3 pair of gloves of the Lute {rC- rN+++ Will+
                  | SInv}
 32112 | Vaults:2 | Reached skill level 10 in Evocations
 32603 | Vaults:2 | Identified the +2 scale mail of Gozag's Indignation {-Cast
                  | Will+ Str+4 Dex+5}
 32779 | Vaults:2 | Found the +3 greatsling "Punk" {acid, rCorr}
 32878 | Vaults:2 | Found Faajubun's Jewellery Emporium.
 32882 | Vaults:2 | Reached XP level 21. HP: 176/176 MP: 33/33
 33084 | Vaults:3 | Reached skill level 1 in Shapeshifting
 33723 | Swamp:1  | Killed Mrcake's ghost
 34169 | Vaults:2 | Bought a granite talisman for 1140 gold pieces
 34169 | Vaults:2 | Bought the ring "Irrel" {rPois rF+ rN+ rCorr EV+5} for 1216
                  | gold pieces
 34878 | Vaults:3 | Reached skill level 5 in Shapeshifting
 35059 | Vaults:3 | Found a staircase to the Crypt.
 35423 | Vaults:3 | Found Oghocob's Magic Scroll Emporium.
 35628 | Vaults:3 | Found a runed translucent door.
 35628 | Vaults:3 | Noticed Switch's ghost (veteran DDFi)
 35656 | Vaults:3 | Identified the +1 ring mail "Noesam" {rN+}
 36438 | Vaults:4 | Found a crumbling gateway.
 36455 | Desolati | Entered the Desolation of Salt
 37232 | Desolati | Reached XP level 22. HP: 173/183 MP: 35/35
 37461 | Desolati | Reached skill level 10 in Shapeshifting
 38148 | Desolati | Identified the amulet "Wyni" {Acrobat rN+ Will+ Int+3
                  | Dex+3}
 38149 | Desolati | Identified the amulet of Edecis {Faith +Blink rElec}
 38460 | Desolati | Identified the +0 leather armour of Day {rC+ Str+3 Slay+2
                  | Stlth+}
 38463 | Desolati | Identified the ring of Amorality {rN+ Int+6}
 38467 | Desolati | Identified the amulet "Caomuny" {Rampage rC+ Regen+}
 38655 | Desolati | Identified the +1 ring mail "Qourhuge" {rElec Int+3}
 39148 | Vaults:4 | Found Pytadad's Magic Scroll Boutique.
 40354 | Elf:1    | Entered Level 1 of the Elven Halls
 40381 | Elf:1    | Found a radiant altar of Vehumet.
 40747 | Elf:1    | Noticed Frances
 40756 | Elf:1    | Killed Frances
 40975 | Elf:1    | Acquired the ring of Ysynab {rC+ Will+ AC+4 Str+3 Dex-5}
 41176 | Elf:1    | Noticed Norris
 41192 | Elf:1    | Killed Norris
 41776 | Elf:2    | Found a runed translucent gate.
 41776 | Elf:2    | Found a runed translucent gate.
 41777 | Elf:2    | Found a runed translucent gate.
 41967 | Elf:2    | Reached XP level 23. HP: 182/189 MP: 36/36
 42086 | Elf:2    | Noticed Nikola
 42129 | Elf:2    | Killed Nikola
 42285 | Elf:2    | Noticed Zenata
 42313 | Elf:2    | HP: 4/264 [Zenata/a resonance strike (43)]
 42319 | Elf:2    | HP: 4/264 [Zenata/a resonance strike (43)]
 42329 | Elf:2    | HP: 13/264 [+6 glaive of freezing[Zenata] (23)]
 42329 | Elf:2    | HP: 4/264 [+0 long sword of flaming[Zenata] (6)]
 42334 | Elf:2    | HP: 4/264 [Zenata/a resonance strike (34)]
 42335 | Elf:2    | Elyvilon protects you from harm!
 42335 | Elf:2    | Elyvilon protects you from harm!
 42336 | Elf:2    | HP: 1/261 [Zenata/a resonance strike (31)]
 42337 | Elf:2    | Slain by a +0 short sword of draining

Illustrated notes

Levels and vault maps discovered:
D:1:      dpeg_arrival_pond, layout_rooms, shapermc_ecumenical_altar_flowoftime
D:2:      layout_loops_ring, serial_shops, nicolae_shop_just_a_little_nook,
          shop, nicolae_shop_getting_attention, nicolae_shop_real_fake_doors,
          grunt_ministairs_13, minivault_4
D:3:      layout_basic, minmay_strange_pillars, kennysheep_pointless_box
D:4:      layout_loops_cross, glass_columns_a
D:5:      layout_rooms, minmay_temple_entry_slanted,
          serial_library_hellmonk_h_bend, uniq_sigmund
D:6:      layout_rooms, pdpol_temple_overflow_zin_treasury_gozag_greed,
          nicolae_hepliaklqana_hippocampus, serial_library_hellmonk_statue_hall,
          minivault_22, kennysheep_another_room
D:7:      layout_layer_cave, serial_bayou_lagoon_b
D:8:      black_bear_nest_2, layout_rooms, nicolae_ru_great_annihilating_truth,
          serial_library_hellmonk_room_c, uniq_grum, uniq_maggie
D:9:      layout_roguey, evilmike_ruin_ashenzari, grunt_temple_overflow_diamond,
          lightli_fourway_metalbox
D:10:     layout_loops_cross, nzn_overflow_gifts_of_might_and_magic,
          erik_lair_orcish_takeover
D:11:     layout_roguey, minmay_librarian
D:12:     layout_big_octagon, david_orc_3, serial_shops,
          nicolae_shop_gibbet_a_chance, hangedman_decor_points
D:13:     layout_gridville, special_room [special_room_orc]
D:14:     layout_small_grid, david_vaults_3, nicolae_wwwww, special_room
          [special_room_bee], uniq_jorgrun, uniq_louise
D:15:     hangedman_depths_entry_civil_slaughter, layout_rooms,
          grunt_decor_resistance, uniq_kirke, uniq_nessos
Temple:   nicolae_temple_ecumenical_triangle
Lair:1:   layout_hall_layers, minivault_19, serial_bayou_pond_e, minivault_11,
          serial_bayou_pond_a, uniq_amaemon, uniq_gastronok
Lair:2:   layout_hall_layers, minivault_19
Lair:3:   layout_loops_ring, palyth_hydra_swamp_entry,
          nicolae_spider_entry_orb_guardian, uniq_snorg, uniq_sonja,
          uniq_josephine
Lair:4:   layout_cellular_growth, nicolae_lair_lindhole, grunt_megastairs_5
Lair:5:   hangedman_lair_tendril_chambers, layout_concentric_octagons,
          hangedman_lair_caniforms_friends, minmay_slime_entry_pillars
Swamp:1:  layout_basic_swamp, ebering_ghost_xom, nicolae_swamp_little_swirl,
          nicolae_swamp_decorative_isthmus, infiniplex_staircase_pool
Swamp:2:  layout_falls_marsh, evilmike_swamp_ruin_rubble_2, swamp_pool_1_2,
          infiniplex_staircase_pool_2
Swamp:3:  layout_basic_swamp, evilmike_swamp_ruin_house_4
Swamp:4:  swamp_vile, layout_basic_swamp, swamp_pool_1_2
Spider:1: layout_spider_delve, nicolae_spider_bzzzt
Spider:2: layout_chambers, nicolae_spider_some_kinda_spiderbox
Spider:3: layout_spider_delve, uniq_aizul
Spider:4: grunt_spider_rune_parallel, drop_trap
Orc:1:    layout_caves, basic_altar
Orc:2:    st_orc_mages, layout_caves, bloody_makhleb
Elf:1:    eino_elf_arrival_altar, layout_gridlike, minmay_elf_crystal_heptagon,
          corner_web_ring, uniq_frances, uniq_norris
Elf:2:    nicolae_elf_blades_splatter_lattice
          [nicolae_blade_entry_crossed_weapons], layout_geoelf_diagonals,
          uniq_zenata, uniq_nikola
Vaults:1: ontoclasm_vaults_shuriken, vaults_dpeg_ring, nicolae_vaults_house_3,
          nicolae_vaults_tangram_2, v_misc_12, nicolae_vaults_closet_pinwheel_2,
          nicolae_vaults_wine_cellar, nicolae_vaults_little_ls,
          layout_vaults_quadrants
Vaults:2: v_misc_19, v_alt_pattern_3, vaults_mumra_minichess,
          vaults_room_door_ring, nicolae_vaults_ninety_degrees, v_misc_25,
          v_alt_pattern_3, v_misc_3, nicolae_vaults_circle_grid_b,
          nicolae_vaults_little_squares_6, nicolae_vaults_storage_closets_3,
          nicolae_vaults_circle_grid_a, vaults_mumra_minichess_inversion,
          nicolae_vaults_yaktaur_gun_rack, nicolae_vaults_hexular_roomagon,
          layout_vaults_omnibox, serial_shops, shop
Vaults:3: gammafunk_ghost_grave, st_diamondy, v_misc_28, ontoclasm_vaults_eye,
          minmay_crypt_entry_skeletal_spiral, ontoclasm_vaults_ring_large,
          nicolae_vaults_storage_closets_2, hangedman_vaults_cutoff,
          vaults_room_hallway, hangedman_vaults_restitches,
          nicolae_vaults_tetromino_L_2, nicolae_vaults_closet_pinwheel_4,
          v_misc_15, layout_vaults_maze_bifur, serial_shops, shop
Vaults:4: portal_desolation_entry_salt, nicolae_vaults_double_plus_2,
          nicolae_vaults_corridor_and_loot_room, vaults_room_door_hall,
          vaults_dpeg_doors, nicolae_vaults_puzzle_piece, v_misc_5,
          nicolae_vaults_alarming, nicolae_vaults_shelves_hall,
          hangedman_vaults_cutoff, nicolae_vaults_specimen_jars,
          nicolae_vaults_diamond_2, layout_vaults_chaotic_city, serial_shops,
          nicolae_lakefront_shop

Skill      XL: |  1  2  3  4  5  6  7  8  9 10 11 12 13 14 15 16 17 18 19 20 21 22 23 |
---------------+----------------------------------------------------------------------+-----
Dodging        | 2 3 5 7 10 11 | 11.8
Fighting       | 3 5 7 9 11 12 13 14 16 17 | 17.7
Ranged Weapons | 5 6 7 8 11 13 14 15 16 17 19 20 | 20.0
Shields        | 1 5 8 10 13 14 15 16 17 18 | 18.0
Invocations    | 1 5 7 9 10 12 13 15 16 18 19 | 19.9
Evocations     | 1 6 8 10 | 10.4
Armour         | 1 7 8 |  8.3
Shapeshifting  | 9 13 14 | 14.0
Stealth        | |  1.2

Action                     |  1- 3 |  4- 6 |  7- 9 | 10-12 | 13-15 | 16-18 | 19-21 | 22-24 || total
---------------------------+-------+-------+-------+-------+-------+-------+-------+-------++-------
  Melee: Longbow           |       |       |       |       |       |       |     3 |       ||     3
         Unarmed           |       |       |       |       |       |       |     6 |       ||     6
   Fire: Shortbow          |   103 |    63 |       |       |       |       |       |       ||   166
         Longbow           |       |    35 |   157 |   349 |   698 |  1032 |  1164 |   531 ||  3966
 Invoke: Heal Self         |       |       |       |     4 |     2 |     7 |    23 |    20 ||    56
         Purification      |       |       |       |       |     4 |     2 |     6 |     1 ||    13
         Divine Vigour     |       |       |       |       |       |     5 |     5 |     1 ||    11
Ability: Dig               |     7 |       |     1 |     2 |    13 |    10 |     5 |       ||    38
         Shaft Self        |       |       |       |     1 |       |       |       |       ||     1
  Evoke: Wand              |       |       |       |     3 |     4 |       |     2 |     2 ||    11
         Phantom mirror    |       |       |       |       |       |       |       |     1 ||     1
         Tin of tremorston |       |       |       |       |       |       |       |     1 ||     1
    Use: Scroll            |       |     8 |       |    14 |     8 |     5 |     3 |     3 ||    41
         Potion            |       |       |       |     3 |     4 |     1 |     4 |     1 ||    13
 Armour: Leather armour    |    25 |       |       |       |       |       |       |       ||    25
         Scale mail        |     4 |    11 |    35 |   108 |   216 |   102 |    18 |       ||   494
         Skin              |       |       |       |    16 |    30 |       |     9 |       ||    55
         Chain mail        |       |       |       |       |       |   207 |   411 |   253 ||   871
  Dodge: Dodged            |    25 |    14 |    25 |    56 |    86 |   120 |   377 |   246 ||   949
  Block: Kite shield       |       |       |       |    73 |   284 |   403 |   650 |   354 ||  1764
         Reflection        |       |       |       |       |       |    36 |    49 |    31 ||   116

Table legend: (Time is in decaauts)
 A = Elapsed time spent in this place.
 B = Non-inter-level travel time spent in this place.
 C = Inter-level travel time spent in this place.
 D = Time resting spent in this place.
 E = Time spent auto-exploring this place.
 F = Levels seen in this place.
 G = Mean time per level.
                   A        B        C        D        E       F      G
               +--------+--------+--------+--------+--------+-----+--------+
         Total |  42811 |  39766 |   3045 |   7486 |  20619 |  38 | 1126.6 |
       Dungeon |  13594 |  12320 |   1274 |   1372 |   8012 |  15 |  906.3 |
        Temple |     10 |     10 |      0 |      0 |      0 |   1 |   10.0 |
          Lair |   7278 |   6658 |    620 |   1199 |   3690 |   5 | 1455.6 |
         Swamp |   4494 |   4156 |    338 |   1180 |   1381 |   4 | 1123.5 |
   Spider Nest |   4113 |   3906 |    207 |    602 |   1870 |   4 | 1028.2 |
  Orcish Mines |   1601 |   1427 |    174 |    175 |    748 |   2 |  800.5 |
   Elven Halls |   1991 |   1949 |     42 |    245 |   1243 |   2 |  995.5 |
        Vaults |   7405 |   7017 |    388 |   1347 |   3471 |   4 | 1851.2 |
    Desolation |   2321 |   2321 |      0 |   1366 |    204 |   1 | 2321.0 |
               +--------+--------+--------+--------+--------+-----+--------+

Top non-repeatable levels by time:
Vaults:2: 2461 daAuts
Desolation: 2321 daAuts
  Lair:5: 2212 daAuts
Vaults:1: 1701 daAuts
Vaults:3: 1678 daAuts
Vaults:4: 1563 daAuts
 Swamp:1: 1516 daAuts
  Lair:3: 1492 daAuts
Spider:4: 1465 daAuts
  Lair:4: 1428 daAuts
    D:12: 1419 daAuts
     D:7: 1415 daAuts
Spider:2: 1384 daAuts
   Elf:1: 1186 daAuts
 Swamp:4: 1178 daAuts
